 Dungeon Crawl Stone Soup version 0.16-a0-3889-g45dc0c2 (webtiles) character file.

7420 Gorice the Carver (level 11, 0/75 HPs)
             Began as a Formicid Fighter on Feb 2, 2015.
             Was a Follower of the Shining One.
             Slain by a killer bee (7 damage)
             ... on level 8 of the Dungeon.
             The game lasted 01:50:05 (12835 turns).

Gorice the Carver (Formicid Fighter)               Turns: 12835, Time: 01:50:05

Health: 0/75       AC: 10    Str: 22    XL:     11   Next: 36%
Magic:  15/15      EV:  8    Int: 10    God:    the Shining One [*.....]
Gold:   440        SH: 10    Dex: 14    Spells: 0 memorised, 10 levels left

rFire  + . .     SeeInvis +     a - +2 scimitar
rCold  + . .     Clarity  .     r - +1 scale mail
rNeg   . . .     SustAb   +     I - +0 shield
rPois  .         Gourm    .     (helmet unavailable)
rElec  +         Spirit   .     (no cloak)
rCorr  .         Warding  .     (no gloves)
rMut   .         Stasis   +     (no boots)
MR     +....                    (no amulet)
Stlth  +.........               N - ring of sustain abilities
                                H - ring "Doej" {rElec rF+ rC+ Dex+4 Stlth+}

@: glowing, somewhat resistant to hostile enchantments, very unstealthy
A: permanent stasis, dig shafts and tunnels, four strong arms, antennae 3
a: Dig, Shaft Self, Renounce Religion


You were on level 8 of the Dungeon.
You worshipped the Shining One.
The Shining One was aware of your devotion.
You were very hungry.

You visited 2 branches of the dungeon, and saw 11 of its levels.

You collected 440 gold pieces.

Inventory:

Hand weapons
 a - a +2 scimitar (weapon)
 b - a +0 hunting sling
 c - a +0 arbalest
 D - a +3 falchion
 M - a +0 long sword
 S - a +0 halberd
Missiles
 i - 12 tomahawks (quivered)
 t - 20 bolts
 w - 64 sling bullets
 L - 14 steel sling bullets
 Z - 225 stones
Armour
 h - a +3 leather armour of fire resistance
   (You took it off Ijyb on level 7 of the Dungeon)
 r - a +1 scale mail (worn)
 C - a +0 chain mail
 I - a +0 shield (worn)
Jewellery
 F - an uncursed ring of ice
 H - the ring "Doej" (left hand) {rElec rF+ rC+ Dex+4 Stlth+}
   (You took it off a gnoll on level 5 of the Dungeon)

   [ring of protection from cold]

   It affects your dexterity (+4).
   It protects you from fire.
   It protects you from cold.
   It insulates you from electricity.
   It makes you more stealthy.
 N - a ring of sustain abilities (right hand)
Magical devices
 e - a wand of magic darts (11)
 G - a wand of lightning (0)
 P - a wand of flame (6)
 Q - a wand of lightning (5)
 R - a wand of draining (6)
Scrolls
 l - 2 scrolls of magic mapping {!r}
 m - a scroll of enchant armour
 v - a scroll of recharging
 y - 2 scrolls of fog
 K - 2 scrolls of amnesia
 O - a scroll of remove curse
 U - a scroll of immolation {unknown}
Potions
 f - a potion of magic {unknown}
 j - a potion of haste {unknown}
 n - a potion of invisibility {unknown}
 o - 3 potions of ambrosia {!q}
 u - a potion of poison {unknown}
 x - 2 potions of brilliance {!q}
 z - a potion of resistance {unknown}
 A - a potion of restore abilities {unknown}
 B - 3 potions of berserk rage
 E - a potion of agility {unknown}
 J - a potion of flight {unknown}
Comestibles
 d - 5 bread rations {!e}
 g - 2 royal jellies
 p - 3 meat rations {!e}
 q - 2 fruits
 s - 2 slices of pizza


   Skills:
 - Level 3.2 Fighting
 + Level 13.2 Long Blades
 + Level 11.4 Armour
 - Level 3.6 Shields


You had 10 spell levels left.
You didn't know any spells.

Dungeon Overview and Level Annotations

Branches:
Dungeon (10/15)            Temple (1/1) D:6
   Lair: D:8-11         Orc: D:9-12

Altars:
Ashenzari
Cheibriados
Dithmenos
Elyvilon
Fedhas
Gozag
Kikubaaqudgha
Makhleb
Nemelex Xobeh
Okawaru
Qazlal
Ru
Sif Muna
Trog
Vehumet
Xom
Yredelemnul
Zin
The Shining One

Shops:
D:9 [

Annotations:
D:8 pUX: killer bees!, exclusions: killer bee and 1 more exclusion
D:10 Joseph


Innate Abilities, Weirdness & Mutations

You are under a permanent stasis effect.
You can dig through walls and to a lower floor.
Your four strong arms can wield two-handed weapons with a shield.
You have a pair of large antennae on your head (SInv).


Message History

The yak is lightly wounded.
You block the yak's attack.
Use which ability? (? or * to list) Are you sure you want to shaft yourself?
Unknown command.
Unknown command.
Things that are here:
a yak corpse; a troll corpse You see here a giant spiked club.
There is a stone staircase leading up here.
Warning, next level annotated: pUX: killer bees!, exclusions: killer bee and 1 more exclusion Enter next level anyway?
You block the yak's attack.
You climb upwards.
The killer bee buzzes angrily. x2
The killer bee barely misses you. x2
There is a stone staircase leading down here.
The killer bee stings you but does no damage.
The killer bee stings you.
* * * LOW HITPOINT WARNING * * *
The yak gores you but does no damage.
You take 1 damage.
Unknown command.
Use which ability? (? or * to list)
You extend your mandibles.
You dig through the rock wall.
The killer bee barely misses you. You block the killer bee's attack.
You retract your mandibles.
You closely miss the killer bee. You block the killer bee's attack.
The killer bee closely misses you.
You closely miss the killer bee.
The killer bee stings you but does no damage.
Your scale mail prevents you from hitting the killer bee.
The killer bee completely misses you. The killer bee barely misses you.
You closely miss the killer bee. The killer bee stings you.
* * * LOW HITPOINT WARNING * * *
The killer bee stings you but does no damage.
You take 2 damage.
You slash the killer bee!
The killer bee is severely wounded.
You block the killer bee's attack.
You miss the killer bee.
The killer bee is severely wounded.
You block the killer bee's attack. x2
You barely miss the killer bee.
The killer bee is severely wounded.
You block the killer bee's attack.
You slash the killer bee!
You kill the killer bee!
The killer bee stings you!
You die...

.÷÷#
#.......##........♣(..♣...♣.
#...##{###.8...♣.♣.♣.♣(♣.♣.♣
{
#####...##......♣...♣...♣...
#...#....#...♣.♣.♣.♣.♣.♣
#..##...##...........#..
#..#....#............+.. ###
#..#.>.##............#+#
..##
####.Yy###'###+#........
...# ####@.......##'###...
...# #..........#...'...
...# #..........#...#...
...# #..........#...#...
...# #..........+...#...
#### #.##.###########...
#.#..# #### #.#.## #...#


You could see a yak and a killer bee.

Vanquished Creatures
  The ghost of trelanon the Slicer, an experienced VSAs of Elyvilon (D:7)
  A troll (D:9)
  A trapdoor spider zombie (D:9)
  15 yaks (D:9)
  A hippogriff (D:9)
  2 water moccasins
  An ice beast (D:5)
  4 sky beasts
  2 phantoms
  An eye of draining (D:9)
  A necrophage (D:9)
  3 ogres
  2 centaurs
  2 big kobolds (D:9)
  Blork the orc (D:5)
  7 giant frogs
  5 scorpions
  5 killer bees
  8 wights
  2 giant frog zombies
  2 orc priests
  2 crimson imps
  2 goliath beetles
  2 electric eels (D:8)
  2 quasits (D:10)
  A giant frog skeleton (D:5)
  A jelly (D:9)
  4 hounds
  2 iguanas
  8 orc wizards
  2 centaur skeletons
  8 worker ants
  Ijyb (D:7)
  A mummy (D:7)
  7 gnolls
  A worker ant zombie (D:7)
  10 adders
  3 shadow imps
  5 worms
  2 adder skeletons (D:5)
  An adder zombie (D:9)
  8 giant geckos
  21 orcs
  3 bat skeletons
  10 giant cockroaches
  16 goblins
  13 hobgoblins
  18 jackals
  5 quokkas
  2 ball pythons
  14 bats
  A giant cockroach zombie (D:5)
  7 giant newts
  A giant spore (D:7)
  31 kobolds
  A quokka skeleton (D:7)
  A quokka zombie (D:7)
  16 rats
  7 ballistomycetes (D:7)
307 creatures vanquished.

Notes
Turn   | Place    | Note
--------------------------------------------------------------
     0 | D:1      | Gorice, the Formicid Fighter, began the quest for the Orb.
     0 | D:1      | Reached XP level 1. HP: 18/18 MP: 1/1
   174 | D:1      | Reached XP level 2. HP: 24/24 MP: 3/3
   500 | D:1      | Reached skill level 3 in Long Blades
   510 | D:1      | Reached XP level 3. HP: 25/29 MP: 4/4
  1054 | D:1      | HP: 4/29 [worm (9)]
  1081 | D:1      | Reached XP level 4. HP: 7/35 MP: 5/5
  1506 | D:2      | Reached skill level 4 in Armour
  1527 | D:1      | Reached skill level 4 in Long Blades
  2136 | D:3      | Found an iron altar of Okawaru.
  2164 | D:3      | Reached XP level 5. HP: 41/41 MP: 7/7
  2195 | D:3      | Found a basalt altar of Yredelemnul.
  3407 | D:4      | Reached skill level 5 in Long Blades
  3407 | D:4      | Reached XP level 6. HP: 36/47 MP: 8/8
  3639 | D:5      | Entered Level 5 of the Dungeon
  3639 | D:5      | Noticed a sky beast
  3913 | D:5      | Reached skill level 5 in Armour
  3922 | D:5      | Noticed an ice beast
  3940 | D:5      | HP: 12/47 [ice beast (10)]
  4174 | D:4      | Reached XP level 7. HP: 34/52 MP: 9/9
  4300 | D:5      | Noticed Blork the orc
  4324 | D:5      | Killed Blork the orc
  4324 | D:5      | Reached skill level 6 in Long Blades
  4619 | D:5      | Found a shadowy altar of Dithmenos.
  5125 | D:5      | Got a heavily runed steel ring
  5126 | D:5      | Identified the ring "Doej" {rElec rF+ rC+ Dex+4 Stlth+} (You took it off a gnoll on level 5 of the Dungeon)
  5127 | D:5      | --Woah - nice ring!
  5127 | D:5      | --Just what I need for that sky beast!
  5241 | D:5      | Killed an ice beast
  5241 | D:5      | Reached skill level 7 in Long Blades
  5241 | D:5      | Reached XP level 8. HP: 44/58 MP: 11/11
  5242 | D:5      | --Oh and the ice beast as well!
  5275 | D:5      | Reached skill level 6 in Armour
  5281 | D:5      | Killed a sky beast
  5752 | D:5      | Reached skill level 8 in Long Blades
  5922 | D:6      | Found a staircase to the Ecumenical Temple.
  5930 | Temple   | Entered the Ecumenical Temple
  6289 | D:6      | Reached skill level 7 in Armour
  6389 | D:6      | Reached XP level 9. HP: 55/64 MP: 12/12
  6658 | D:6      | Reached skill level 9 in Long Blades
  7033 | D:7      | Noticed Ijyb
  7057 | D:7      | Killed Ijyb
  7583 | D:7      | Found a sparkling altar of Nemelex Xobeh.
  7593 | D:7      | Found a shattered altar of Ashenzari.
  7602 | D:7      | Found a stormy altar of Qazlal.
  7611 | D:7      | Found a glowing golden altar of the Shining One.
  7615 | D:7      | Became a worshipper of the Shining One
  7645 | D:7      | Reached skill level 8 in Armour
  7923 | D:7      | Noticed trelanon's ghost (experienced VSAs)
  8157 | D:7      | Found a sacrificial altar of Ru.
  8188 | D:7      | Reached skill level 10 in Long Blades
  8498 | D:7      | Killed trelanon's ghost
  9242 | D:8      | Reached XP level 10. HP: 65/70 MP: 13/13
  9403 | D:7      | Reached skill level 11 in Long Blades
  9638 | D:8      | Reached skill level 9 in Armour
 10442 | D:9      | Found a white marble altar of Elyvilon.
 10495 | D:9      | Acquired the Shining One's first power
 10548 | D:9      | HP: 13/70 [yak (9)]
 10638 | D:9      | Found a bloodstained altar of Trog.
 10640 | D:9      | HP: 14/70 [yak (11)]
 10689 | D:9      | HP: 14/70 [troll (4)]
 10689 | D:9      | HP: 4/70 [troll (10)]
 10724 | D:10     | Entered Level 10 of the Dungeon
 10727 | D:10     | HP: 11/70 [quasit (1)]
 10734 | D:10     | Reached skill level 12 in Long Blades
 11079 | D:10     | Noticed Joseph
 11085 | D:10     | HP: 20/70 [Joseph/sling bullet (17)]
 11271 | D:9      | Found Doliocik's Armour Shop.
 11298 | D:9      | Reached skill level 10 in Armour
 11436 | D:9      | Found a glowing silver altar of Zin.
 11803 | D:9      | Acquired the Shining One's second power
 11963 | D:9      | Reached XP level 11. HP: 60/75 MP: 15/15
 12101 | D:9      | HP: 22/75 [killer bee (7)]
 12122 | D:9      | HP: 20/75 [killer bee (8)]
 12704 | D:9      | Reached skill level 11 in Armour
 12716 | D:9      | HP: 21/75 [yak (6)]
 12719 | D:9      | Reached skill level 13 in Long Blades
 12728 | D:9      | HP: 20/75 [trapdoor spider zombie (4)]
 12733 | D:9      | HP: 13/75 [trapdoor spider zombie (7)]
 12739 | D:9      | HP: 4/75 [trapdoor spider zombie (10)]
 12763 | D:9      | HP: 11/75 [yak (8)]
 12783 | D:9      | HP: 11/75 [yak (1)]
 12796 | D:9      | HP: 2/75 [yak (12)]
 12826 | D:8      | HP: 7/75 [killer bee (1)]
 12831 | D:8      | HP: 6/75 [killer bee (2)]
 12835 | D:8      | Slain by a killer bee

Action                   |  1- 3 |  4- 6 |  7- 9 | 10-12 || total
-------------------------+-------+-------+-------+-------++-------
Melee: Long sword        |   105 |   246 |   277 |       ||   628
       Dagger            |       |       |    12 |       ||    12
       Scimitar          |       |       |   172 |   325 ||   497
 Fire: Hunting sling     |       |   119 |    84 |    64 ||   267
       Arbalest          |       |       |       |    22 ||    22
Throw: Stone             |    49 |    12 |       |     6 ||    67
       Tomahawk          |       |    12 |    47 |     8 ||    67
       Throwing net      |       |       |     2 |       ||     2
Invok: Divine Shield     |       |       |       |     4 ||     4
 Abil: Dig               |       |       |       |     3 ||     3
Evoke: Wand              |       |       |     2 |     6 ||     8
  Use: Scroll            |     3 |     8 |     5 |     3 ||    19
       Potion            |       |       |     1 |     4 ||     5
  Eat: Chunk             |     1 |    10 |    15 |     8 ||    34
       Pizza             |       |       |     1 |     1 ||     2
       Beef jerky        |       |       |       |     1 ||     1

Table legend:
 A = Turns spent in this place as a percentage of turns spent in the entire game.
 B = Non-inter-level travel turns spent in this place as a percentage of non-inter-level travel turns spent in the entire game.
 C = Inter-level travel turns spent in this place as a percentage of turns spent in this place.
 D = Turns resting spent in this place as a percentage of non-inter-level travel turns spent in this place.
 E = Turns spent auto-exploring this place as a percentage of non-inter-level travel turns spent in this place.
 F = Non-inter-level travel turns spent in this place divided by the number of levels of this place that you've seen.
                   A       B       C       D       E      F
               +-------+-------+-------+-------+-------+----------------------
         Total | 100.0 | 100.0 |   0.3 |   1.8 |   2.2 | 631.6
       Dungeon |  99.1 |  99.2 |   0.3 |   1.8 |   2.2 | 688.9
        Temple |   0.9 |   0.8 |   1.7 |   0.0 |   1.7 |  59.0
               +-------+-------+-------+-------+-------+----------------------

Vault maps used:
D:1:      tarquinn_simple_flora_water_c
D:2:      first_bread, serial_bayou_lagoon_a
D:3:      lemuel_crystal_altar, yredelemnul_altar_generic
D:4:      serial_bayou_pond_a, kennysheep_small_spiral
D:5:      nicolae_dithmenos_shadow_blocks, serial_corexii_hall,
          corexii_hall_statues_i, corexii_hall_statues_x,
          hangedman_decor_clover_reticule, uniq_blork_the_orc
D:6:      minmay_temple_entry_butterflies, minivault_26, grunt_ministairs_2
D:7:      kennysheep_little_box, grunt_temple_overflow_cloverleaf, uniq_iyjb
D:8:      serial_bayou, serial_bayou_ford_a, serial_bayou_pond_b,
          serial_bayou_pond_b, serial_bayou_crossing, grunt_ogre_cave,
          kennysheep_crisscross, grunt_ministairs_12
D:9:      lemuel_round_altar, nicolae_overflow_crystal_walls,
          kennysheep_mini_moat, serial_shops, shop, st_stairs_3
D:10:     serial_shops, shop, hangedman_misty_isle, uniq_erolcha, uniq_joseph,
          uniq_urug
Temple:   zaba_magenta_temple_8
